 Dungeon Crawl Stone Soup version 0.19-a0-1170-g18f0c96 (webtiles) character file.

131 Gagarin the Poker (level 5, -2/36 HPs)
             Began as a Merfolk Gladiator on Aug 17, 2016.
             Was an Initiate of Hepliaklqana.
             Slain by Crazy Yiuf
             ... wielding a +4 quarterstaff of chaos
              (6 damage)
             ... on level 3 of the Dungeon.
             The game lasted 00:05:03 (2816 turns).

Gagarin the Poker (Merfolk Gladiator)               Turns: 2816, Time: 00:05:04

Health: -2/36      AC:  5    Str: 16    XL:     5   Next: 14%
Magic:  5/5        EV: 14    Int:  7    God:    Hepliaklqana [......]
Gold:   118        SH:  0    Dex: 15    Spells: 0 memorised, 4 levels left

rFire  . . .     SeeInvis .     a - +0 trident
rCold  . . .     Gourm    .     b - +0 leather armour
rNeg   . . .     Faith    .     (no shield)
rPois  .         Spirit   .     c - +0 helmet
rElec  .         Dismiss  .     (no cloak)
rCorr  .         Reflect  .     (no gloves)
MR     .....     Harm     .     o - +0 pair of boots
Stlth  +.........               (no amulet)
                                (no ring)
                                (no ring)

@: confused, drained
A: change form in water, swift swim
a: Recall Ancestor, Ancestor Identity, Renounce Religion


You were on level 3 of the Dungeon.
You worshipped Hepliaklqana.
Hepliaklqana was noncommittal.
You were not hungry.

You visited 1 branch of the dungeon, and saw 3 of its levels.

You collected 118 gold pieces.

Inventory:

Hand Weapons
 a - a +0 trident (weapon)
Missiles
 d - 3 throwing nets (quivered)
Armour
 b - a +0 leather armour (worn)
 c - a +0 helmet (worn)
 o - a +0 pair of boots (worn)
Jewellery
 l - an uncursed amulet of the gourmand {unknown}
Scrolls
 e - a scroll of random uselessness {unknown}
 h - 2 scrolls of blinking {unknown}
 i - a scroll of fog {unknown}
 r - a scroll of teleportation {unknown}
 t - 3 scrolls of identify {unknown}
 u - a scroll of remove curse {unknown}
Potions
 j - 2 potions of cure mutation {unknown}
 k - a potion of magic {unknown}
 n - a potion of heal wounds {unknown}
 q - a potion of brilliance {unknown}
 s - a potion of invisibility {unknown}
 v - 2 potions of curing {unknown}
Comestibles
 f - 5 bread rations
 m - a slice of pizza
 p - a meat ration


   Skills:
 + Level 2.9(2.6) Fighting
 + Level 5.9(5.6) Polearms
 + Level 2.4(2.1) Throwing
 + Level 0.8(0.5) Armour
 + Level 5.2(4.9) Dodging
 + Level 1.0(0.8) Stealth


You had 4 spell levels left.
You didn't know any spells.

Dungeon Overview and Level Annotations

Branches:
Dungeon (3/15)

Altars:
Cheibriados
Dithmenos
Elyvilon
Hepliaklqana
Kikubaaqudgha
Makhleb
Okawaru
Pakellas
Uskayaw
Xom
Yredelemnul
The Shining One

Annotations:
D:3 Crazy Yiuf


Message History

Aim: Crazy Yiuf, wielding a quarterstaff of chaos and wearing an embroidered cloak (lightly wounded)
You reach to attack!
You hit Crazy Yiuf.
Crazy Yiuf is moderately wounded.
Okay, then.
Evoke which item? (* to show all) (? for menu, Esc to quit)
Okay, then.
You closely miss Crazy Yiuf.
Crazy Yiuf is moderately wounded.
You hit Crazy Yiuf.
Crazy Yiuf is heavily wounded.
Crazy Yiuf hits you with a quarterstaff of chaos!
Crazy Yiuf burns you!
Crazy Yiuf says, "Hack wrapper spinner!"
Crazy Yiuf hits you with a quarterstaff of chaos!
* * * LOW HITPOINT WARNING * * *
You are confused.
You bump into the tree.
You bump into the tree.
Crazy Yiuf hits you with a quarterstaff of chaos.
You die...

#>................# #. #######
#################.####. ...##_##
#.#.... #####..## #>#.#..
#..R#.#####♣♣ ##### #.#....
#..#..#..#..♣♣ ♣♣#..)# #......
#.#..##....♣.♣♣♣♣.'...# ##.....
####.†###.......♣g.♣#...# #.....
..#..#.##.##...♣@♣♣♣##### #.#.#.
###.#...#.###♣♣♣♣♣ #.#.#.
..#...#.#.# #.#.#.
..##.#.##.##################.#.#.
...##.###.#..................#.#.
.(.......................<...#.#.
....#............<..........##...
......>....#######..############.
...#....)....# #..###_#.###_##.


You could see Crazy Yiuf.

Vanquished Creatures
  6 adders
  An ooze (D:2)
  2 worms (D:2)
  4 dart slugs
  2 giant geckos
  5 giant cockroaches
  4 goblins
  8 hobgoblins
  2 ball pythons
  7 bats
  7 giant newts
  5 kobolds
  6 rats
59 creatures vanquished.

Vanquished Creatures (collateral kills)
  A giant gecko (D:3)
  A kobold (D:3)
2 creatures vanquished.

Vanquished Creatures (others)
  An ancestor (D:3)
1 creature vanquished.

Grand Total: 62 creatures vanquished

Notes
Turn   | Place    | Note
-------+----------+-------------------------------------------
     0 | D:1      | Gagarin the Merfolk Gladiator began the quest for the Orb.
     0 | D:1      | Reached XP level 1. HP: 16/16 MP: 1/1
   303 | D:1      | Reached XP level 2. HP: 23/23 MP: 2/2
   493 | D:1      | Reached skill level 5 in Polearms
   582 | D:1      | Reached XP level 3. HP: 27/28 MP: 3/3
   977 | D:2      | Found a white marble altar of Elyvilon.
  1034 | D:2      | Found a basalt altar of Yredelemnul.
  1231 | D:2      | Reached XP level 4. HP: 11/34 MP: 4/4
  1509 | D:2      | Reached skill level 5 in Dodging
  1957 | D:3      | Found an oddly glowing altar of Pakellas.
  1975 | D:3      | Found a hazy altar of Hepliaklqana.
  1977 | D:3      | Found a snail-covered altar of Cheibriados.
  1977 | D:3      | Found an ancient bone altar of Kikubaaqudgha.
  1977 | D:3      | Found a shadowy altar of Dithmenos.
  1981 | D:3      | Found a glowing golden altar of the Shining One.
  1982 | D:3      | Found a shimmering altar of Xom.
  1993 | D:3      | Became a worshipper of Hepliaklqana
  2036 | D:3      | Found an iron altar of Okawaru.
  2066 | D:3      | Found a runed door.
  2218 | D:3      | Reached XP level 5. HP: 36/36 MP: 5/5
  2265 | D:3      | Found a burning altar of Makhleb.
  2265 | D:3      | Found a hide-covered altar of Uskayaw.
  2435 | D:3      | Reached skill level 1 in Stealth
  2801 | D:3      | Noticed Crazy Yiuf
  2816 | D:3      | Slain by Crazy Yiuf

Vault maps used:
D:1:      mushboom_english_gardens
D:2:      kennysheep_ying_yang, first_bread
D:3:      marbit_many_paths, minitemple, gammafunk_temple_overflow_wave,
          minivault_26, uniq_crazy_yiuf_cottage

Skill      XL: |  1  2  3  4  5 |
---------------+----------------+-----
Polearms       | 5 |  5.9
Dodging        | 5 |  5.2
Stealth        | 1 |  1.0
Fighting       | |  2.9
Throwing       | |  2.4
Armour         | |  0.8

Action                   |  1- 3 |  4- 6 || total
-------------------------+-------+-------++-------
Melee: Trident           |   123 |   109 ||   232
Invok: Ancestor Identity |       |     1 ||     1
 Stab: Sleeping          |     1 |     1 ||     2
  Eat: Chunk             |     1 |     5 ||     6
Armor: Leather armour    |    19 |    24 ||    43
Dodge: Dodged            |    54 |    56 ||   110
